 Dungeon Crawl Stone Soup version 0.31-a0-536-ga3e2962e35 (webtiles) character file.

Game seed: 16275322175560074107

46 Ethylacetat the Ducker (level 3, -5/25 HPs)
             Began as an Octopode Gladiator on Aug 12, 2023.
             Slain by a gnoll
             ... wielding a +0 flail
              (12 damage)
             ... on level 2 of the Dungeon.
             The game lasted 00:01:05 (935 turns).

Ethylacetat the Ducker (Octopode Gladiator)          Turns: 935, Time: 00:01:06

Health: -5/25      AC:  1    Str: 13    XL:     3   Next: 66%
Magic:  3/3        EV: 14    Int: 10    God:
Gold:   77         SH:  0    Dex: 15    Spells: 2/2 levels left

rFire   . . .        a - +0 long sword
rCold   . . .        (no shield)
rNeg    . . .        b - +0 hat
rPois   .            (no amulet)
rElec   .            (no ring)
rCorr   .            (no ring)
SInv    .            (no ring)
Will    .....        (no ring)
Stlth   +++          (no ring)
HPRegen 0.24/turn    (no ring)
MPRegen 0.08/turn    (no ring)
                     (no ring)

%: no passive effects
@: no status effects
A: almost no armour, amphibious, 8 rings, camouflage 1, gelatinous body 1,
(nimble swimmer 1), tentacles
a: no special abilities


You were on level 2 of the Dungeon.
You visited 1 branch of the dungeon, and saw 2 of its levels.

You collected 77 gold pieces.

Inventory:

Hand Weapons
 a - a +0 long sword (weapon)
Missiles
 c - 3 throwing nets (quivered)
 d - a javelin
Armour
 b - a +0 hat (worn)
Scrolls
 e - 3 scrolls of amnesia {unknown}
 g - a scroll of butterflies {unknown}
 h - a scroll of fear {unknown}
 i - a scroll of blinking {unknown}
 j - a scroll of poison {unknown}
 k - 3 scrolls of identify {unknown}
Potions
 f - 2 potions of curing {unknown}
 l - a potion of mutation {unknown}


   Skills:
 + Level 2.5 Fighting
 + Level 3.4 Long Blades
 - Level 2.0 Throwing
 + Level 3.4 Dodging
 + Level 2.2 Stealth


You had 2 spell levels left.
You didn't know any spells.
Your spell library was empty.

Dungeon Overview and Level Annotations

Branches:
Dungeon (2/15)

Altars:

Shops:
D:1 [[!


Innate Abilities, Weirdness & Mutations

You cannot wear most types of armour.
You are amphibious.
You can wear up to eight rings at the same time.
Your skin changes colour to match your surroundings (Stealth+).
Your rubbery body absorbs attacks. (AC +1, EV +1)
((You are camouflaged when in or above water. (Stealth+)))
You have tentacles for arms and can constrict up to eight enemies at once.


Message History

f - 2 brown potions (gained 1)
You now have 63 gold pieces (gained 11).
A hobgoblin comes into view.
A hobgoblin is nearby!
A hobgoblin is nearby!
The hobgoblin shouts!
You hit the hobgoblin. Your grab misses the hobgoblin.
The hobgoblin is almost dead.
The hobgoblin barely misses you.
A hobgoblin is nearby!
You slash the hobgoblin!
You kill the hobgoblin!
You now have 77 gold pieces (gained 14).
Things that are here:
a +0 ring mail; a hobgoblin corpse
There is an open door here.
Found a ring mail.
No target in view!
You see here a +0 ring mail.
k - 3 scrolls labelled ZAEXTACUQO (gained 1) 3 gnolls come into view.
The gnoll shouts! x2
There are monsters nearby!
The gnoll shouts!
The gnoll misses you.
There are monsters nearby!
You closely miss the gnoll. You grab the gnoll. You constrict the gnoll.
The gnoll hits you from afar with a +0 spear.
There are monsters nearby!
You hit the gnoll.
The gnoll is heavily wounded.
You constrict the gnoll. The gnoll closely misses you.
The gnoll hits you with a +0 flail! The gnoll closely misses you.
You are too injured to fight recklessly!
You are too injured to fight recklessly!
You release your grip on the gnoll.
The gnoll attacks as you move away! The gnoll hits you with a +0 flail.
* * * LOW HITPOINT WARNING * * *
The gnoll attacks as you move away! The gnoll hits you with a +0 flail!
You die...

## ######### .#
#.......# .#
#.......# .#
#.......# .#
#.......##### .#
#......g#...# .#
#.....gg#.#.# .#
#...?...@.#.# .#
###########.#.#.#
.##..... #####.#.#.#
........ ...#...#.#
.##......####.#...#.#
.........+..........#
###..... ####.#.#####
#....... #.#.#
#..#.#+# #.#.#


You could see 3 gnolls.

Vanquished Creatures
  2 adders (D:2)
  2 ball pythons
  A bat (D:1)
  An endoplasm (D:2)
  A giant cockroach (D:1)
  4 hobgoblins
  2 jackals (D:1)
  2 kobolds
  3 quokkas (D:1)
  A frilled lizard (D:1)
  4 goblins
23 creatures vanquished.

Notes
Turn   | Place    | Note
-------+----------+-------------------------------------------
     0 | D:1      | Ethylacetat the Octopode Gladiator began the quest for the
                  | Orb.
     0 | D:1      | Reached XP level 1. HP: 14/14 MP: 1/1
   104 | D:1      | Reached skill level 1 in Stealth
   104 | D:1      | Reached XP level 2. HP: 15/19 MP: 2/2
   308 | D:1      | Found Pigowap's Armour Shoppe.
   460 | D:1      | Found Baexkal's Armour Shop.
   543 | D:1      | Found Plog's Distillery.
   634 | D:2      | Reached XP level 3. HP: 12/25 MP: 3/3
   935 | D:2      | Slain by a gnoll

Illustrated notes

Levels and vault maps discovered:
D:1:      dpeg_arrival_windows_large_door, layout_loops_cross, serial_shops,
          nicolae_shop_behind_doors, nicolae_shop_rolling_square,
          nicolae_shop_crystal
D:2:      layout_basic, basic_altar, serial_park_tiny_1, grunt_ministairs_3,
          uniq_robin

Skill      XL: |  1  2  3 |
---------------+----------+-----
Stealth        | 1 2 |  2.2
Fighting       | |  2.5
Long Blades    | |  3.4
Throwing       | |  2.0
Dodging        | |  3.4

Action                     || total
---------------------------++-------
  Melee: Long sword        ||    40
         Constrict         ||    10
         Tentacles         ||     6
   Stab: Sleeping          ||     9
 Armour: Skin              ||     4
  Dodge: Dodged            ||    28

Table legend: (Time is in decaauts)
 A = Elapsed time spent in this place.
 B = Non-inter-level travel time spent in this place.
 C = Inter-level travel time spent in this place.
 D = Time resting spent in this place.
 E = Time spent auto-exploring this place.
 F = Levels seen in this place.
 G = Mean time per level.
                   A        B        C        D        E       F      G
               +--------+--------+--------+--------+--------+-----+--------+
         Total |    944 |    926 |     18 |      0 |    778 |   2 |  472.0 |
       Dungeon |    944 |    926 |     18 |      0 |    778 |   2 |  472.0 |
               +--------+--------+--------+--------+--------+-----+--------+

Top non-repeatable levels by time:
     D:1: 632 daAuts
     D:2: 312 daAuts
